 Dungeon Crawl Stone Soup version 0.28.0-53-g5a82cb258f (webtiles) character file.

Game seed: 16351368593668720169

232986 firemarshallily the Warrior (level 19, -1/152 HPs)
             Began as a Djinni Conjurer on June 23, 2022.
             Was an Initiate of Gozag.
             Shot with a bolt by Vashnia (20 damage)
             ... on level 2 of the Snake Pit on June 25, 2022.
             The game lasted 04:55:30 (60125 turns).

firemarshallily the Warrior (Djinni Conjurer)      Turns: 60125, Time: 04:55:31

Health: -1/152     AC: 18    Str:  6    XL:     19   Next: 84%
Gold:   11149      EV: 25    Int: 27    God:    Gozag SH:  0 Dex:  9

rFire   . . .      SeeInvis +   (weapon currently unavailable)
rCold   . . .      Faith    .   (shield currently unavailable)
rNeg    . . .      Spirit   .   (armour currently unavailable)
rPois   ∞          Reflect  .   (helmet currently unavailable)
rElec   +          Harm     .   (cloak currently unavailable)
rCorr   .          Rampage  .   (gloves currently unavailable)
Will    +....                   (boots unavailable)
Stlth   +++.......              (no amulet)
HPRegen 0.35/turn               R - ring of Shadows {Umbra +Inv Stlth+}
MPRegen 0.00/turn               i - ring "Xuti Xuivi" {Fly rElec EV+4 Dex-2 SInv}

@: storm-form, death channelling, flying, wreathed by umbra
A: cleaving, flying, sickness immunity, (fire resistance 2), (cold vulnerability
1), float, innate caster, HP casting, extra vitality 1, (antennae 1), (fangs 1),
see invisible, clumsy 1
}: 2/15 runes: decaying, serpentine
a: Blinkbolt, End Transformation, Renounce Religion, Evoke Invisibility, Potion
Petition, Call Merchant, Bribe Branch


You were on level 2 of the Snake Pit.
You worshipped Gozag.
Gozag was extremely pleased with you.
You were a lightning-filled tempest!
You visited 7 branches of the dungeon, and saw 33 of its levels.
You also visited: Ossuary.

You collected 12282 gold pieces.
You spent 1025 gold pieces at shops.
You paid 108 gold pieces to Gozag.

Inventory:

Hand Weapons
 r - a +6 vorpal dire flail
 M - the +4 flail of Kaahenla (melded) {vorpal, Dex+5 Stlth+}
   (You took it off an orc on level 9 of the Dungeon)

   It inflicts extra damage upon your enemies.
   Dex:       It affects your dexterity (+5).
   Stlth:     It makes you more stealthy.
 W - the +6 mace "Gaib" {vorpal, rF+ rC+}
   (You found it on level 3 of the Snake Pit)

   It inflicts extra damage upon your enemies.
   rF:        It protects you from fire.
   rC:        It protects you from cold.
Missiles
 c - 12 javelins
 k - 1141 stones
 q - 11 atropa-tipped darts
 s - 27 poisoned darts
 F - 9 boomerangs
 G - 3 datura-tipped darts
 L - 5 curare-tipped darts
Armour
 f - a +2 kite shield of resistance
 g - a +2 cloak (melded)
 h - +2 steam dragon scales (melded)
 j - a +1 robe of resistance
 u - a +1 buckler of fire resistance
 U - a +2 pair of gloves of hurling (melded)
 X - a +0 kite shield of reflection (melded)
Jewellery
 i - the ring "Xuti Xuivi" (right fist) {Fly rElec EV+4 Dex-2 SInv}
   (You acquired it on level 3 of the Dungeon)

   [ring of evasion]

   EV:        It affects your evasion (+4).
   Dex:       It affects your dexterity (-2).
   rElec:     It insulates you from electricity.
   SInv:      It lets you see invisible.
   Fly:       It grants you flight.
 n - a +4 ring of protection
 y - a ring of wizardry
 N - a +4 ring of evasion
 Q - a ring of fire
 R - the ring of Shadows (left fist) {Umbra +Inv Stlth+}
   (You took it off a skeletal warrior on level 14 of the Dungeon)

   [ring of stealth]

   It surrounds you with an aura of shadow, increasing your stealth and reducing
   the accuracy of all others within it.
   +Inv:      It lets you turn invisible.
   Stlth:     It makes you more stealthy.
Wands
 v - a wand of flame (132)
 w - a wand of acid (27)
 C - a wand of polymorph (20)
 K - a wand of iceblast (12)
 O - a wand of digging (6)
 P - a wand of mindburst (21)
 Y - a wand of charming (3)
Scrolls
 d - 5 scrolls of immolation
 o - a scroll of holy word
 p - 2 scrolls of magic mapping
 t - 6 scrolls of enchant weapon
 x - 5 scrolls of blinking
 D - 4 scrolls of brand weapon
 E - 3 scrolls of fear
 T - 2 scrolls of summoning
 V - 4 scrolls of teleportation
Potions
 a - 2 potions of berserk rage
 b - 3 potions of brilliance
 e - 4 potions of lignification
 l - 6 potions of might
 m - a potion of ambrosia
 z - 7 potions of curing
 A - 4 potions of cancellation
 H - 8 potions of mutation
 I - a potion of resistance
 J - a potion of heal wounds
 S - a potion of haste
Miscellaneous
 B - a box of beasts


   Skills:
 + Level 18.8 Fighting
 - Level 10.2 Maces & Flails
 - Level 7.2 Dodging
 - Level 1.5 Stealth
 + Level 7.2 Shields
 * Level 17.6 Spellcasting
 - Level 10.0 Evocations


You couldn't memorise any spells.
You knew the following spells:

 Your Spells              Type           Power      Damage    Failure   Level
a - Magic Dart            Conj           100%       1d8       0%          1
b - Searing Ray           Conj           100%       2d8       0%          2
c - Dazzling Flash        Conj/Hex       100%       N/A       0%          3
d - Fulminant Prism       Conj/Hex       43%        3d20      0%          4
e - Iskenderun's Mystic   Conj/Tloc      87%        2d17      0%          4
f - Beastly Appendage     Tmut           100%       N/A       0%          1
g - Scorch                Fire           100%       2d10      0%          2
h - Portal Projectile     Hex/Tloc       100%       N/A       0%          3
i - Dispel Undead         Necr           87%        3d28      0%          4
j - Iskenderun's Battles  Conj           87%        2d13      1%          5
k - Silence               Hex/Air        43%        N/A       1%          5
l - Simulacrum            Ice/Necr       43%        N/A       1%          6
m - Storm Form            Tmut/Air       43%        N/A       1%          7
n - Death Channel         Necr           43%        N/A       1%          6
Your spell library was empty.

Dungeon Overview and Level Annotations

Branches:
Dungeon (15/15)            Temple (1/1) D:6            Lair (6/6) D:11
  Swamp (4/4) Lair:2        Snake (4/4) Lair:3        Slime (0/5) Lair:5
    Orc (2/2) D:10            Elf (0/3) Orc:2        Vaults (0/5) D:13
 Depths (1/4) D:15        Ossuary (visited)

Altars:
Ashenzari
Cheibriados
Dithmenos
Elyvilon
Fedhas
Gozag
Hepliaklqana
Kikubaaqudgha
Makhleb
Nemelex Xobeh
Okawaru
Qazlal
Ru
Sif Muna
Trog
Uskayaw
Vehumet
Wu Jian
Xom
Yredelemnul
Zin
The Shining One

Shops:
D:2 :(   D:4 (   D:6 *   D:14 !   Orc:1 *   Orc:2 [[[(:   Snake:1 (

Annotations:
D:9 1 runed translucent door
Lair:4 exclusion: oklob plant
Snake:2 Asterion, Vashnia
Snake:3 1 exclusion


Innate Abilities, Weirdness & Mutations

You are a lightning-filled tempest!
Your electrical attacks strike out in all directions at once.
You are incredibly evasive.
You are flying.
Your armour is entirely melded.
You are incapable of wielding weapons or throwing items.
You are immune to sickness and miasma.
You are immune to poison.
((Your flesh is very heat resistant. (rF++)))
((You are vulnerable to cold. (rC-)))
You float through the air rather than walking.
You learn spells naturally, not from books.
Your magical power is your life essence.
You have superior vitality. (+4 MHP)
((You have a pair of small antennae on your head.))
((You have very sharp teeth.))
You have supernaturally acute eyesight. (SInv)
You are clumsy. (Dex -2)


Message History

Confirm with . or Enter, or press ? or * to list all spells.
Aiming: Magic Dart (safe; 0% risk of failure)
Press: ? - help, Shift-Dir - straight line, f - Vashnia
Aim: Vashnia, wielding a +0 arbalest, wearing a +1 barding of stealth and quivering bolts (heavily wounded, ally target, 100% to hit)
The magic dart hits Vashnia!
Vashnia is severely wounded.
Your battlesphere fires!
The barrage of energy hits Vashnia!
Vashnia is severely wounded.
Vashnia casts a spell.
Vashnia blinks!
Casting: Magic Dart (safe; 0% risk of failure)
Confirm with . or Enter, or press ? or * to list all spells.
Aiming: Fulminant Prism (safe; 0% risk of failure)
Press: ? - help, Dir - move target, f - you
Okay, then.
You now have 11149 gold pieces (gained 19).
You see here a +0 hand axe.
Casting: Fulminant Prism (safe; 0% risk of failure)
Confirm with . or Enter, or press ? or * to list all spells.
Aiming: Fulminant Prism (safe; 0% risk of failure)
Press: ? - help, Dir - move target, p - Vashnia You conjure a prism of explosive energy!
A fulminant prism comes into view.
Vashnia casts a spell.
Vashnia magically shoots a bolt.
The bolt hits you!!
* * * LOW HITPOINT WARNING * * *
Your fulminant prism crackles loudly.
Your fulminant prism explodes!
The blast of energy engulfs Vashnia!!
Vashnia is almost dead.
You hear an angry hiss. x2
You see here 6 gold pieces.
You feel much better.
Vashnia mumbles some strange words.
Vashnia magically shoots a bolt.
The bolt hits you!!!
* * * LOW HITPOINT WARNING * * *
Vashnia shoots a bolt.
The bolt hits you!!
You die...
Your body crumbles into a pile of gold.

#### {{{ {{ #..##
######################### #...##
##........................
.....###.............^...........
.................................
......................<..##......
######..........)......######....
................*.....## ##...
................v$...[.## ####..
................<$.$....####.....
....<...............$$...##....##
................$.$.#..N.......#
....................###.......##
....................##.......##
....................##.......##
...........####.....##...#....##
#####......# ##....#..........##


You could see Vashnia and a friendly battlesphere.

Vanquished Creatures
  Mara (Snake:4)
  Nikola (Swamp:1)
  A tentacled monstrosity (Swamp:3)
  2 thorn hunters (Swamp:4)
  Donald (Snake:4)
  Agnes (D:15)
  A fenstrider witch (Swamp:4)
  2 nagarajas (Snake:4)
  Aizul (Snake:1)
  2 eleionomae
  4 bunyips
  An ettin (D:13)
  3 fire dragons (D:15)
  Josephine (D:12)
  A shambling mangrove (Swamp:4)
  4 boulder beetles
  31 hydras
  3 ice dragons
  Fannar (Lair:2)
  11 naga warriors
  5 salamander tyrants (Snake:4)
  6 anacondas
  4 ghost crabs
  7 alligators
  3 two-headed ogres
  Erica (D:9)
  6 centaur warriors
  5 death yaks (Lair:4)
  12 shock serpents
  4 orc high priests (Orc:2)
  11 naga sharpshooters
  2 spriggan berserkers (Swamp:4)
  17 spriggans
  3 skeletal warriors (D:14)
  9 salamander mystics
  8 goliath frogs
  Nergalle (Lair:3)
  4 spriggan druids
  9 swamp dragons
  9 bog bodies
  5 orc knights
  6 naga ritualists
  4 lindwurms
  15 mana vipers
  2 wolf spiders
  3 cyclopes
  5 orc sorcerers
  13 ugly things
  4 manticores
  13 salamanders
  3 will-o-the-wisps (Swamp:1)
  10 elephants
  12 naga magi
  8 guardian serpents
  26 black mambas
  22 cane toads
  A torpor snail (Lair:4)
  A gargoyle (D:14)
  Maggie (D:7)
  A tengu conjurer (D:15)
  An unseen horror (shapeshifter) (D:15)
  3 freezing wraiths (D:14)
  7 komodo dragons
  5 yaktaurs (D:14)
  4 rime drakes
  2 trolls
  7 tyrant leeches
  A bloated husk (Swamp:4)
  4 polar bears
  22 hornets
  A hornet (shapeshifter) (D:15)
  8 slime creatures
  9 blink frogs
  Sigmund (D:4)
  A shadow (D:12)
  64 yaks
  12 wyverns
  4 wraiths (D:12)
  5 basilisks
  2 redbacks (Lair:6)
  3 steam dragons
  Edmund (D:5)
  10 vampire mosquitoes
  5 wargs
  19 swamp worms
  3 acid dragons
  20 water moccasins
  9 swamp drakes
  20 orc warriors
  35 nagas
  2 ice beasts
  2 sky beasts (D:6)
  4 black bears
  6 ogres
  23 wolves
  14 centaurs
  3 kobold brigands
  2 elf zombies (Ossuary)
  8 scorpions
  3 gnoll sergeants
  12 bullfrogs
  A water moccasin zombie (D:5)
  10 killer bees (D:10)
  A wight (D:8)
  9 electric eels
  2 bullfrog zombies
  3 howler monkeys
  4 centaur zombies
  2 human zombies (Ossuary)
  14 orc priests
  A hound (D:6)
  3 jellies (Lair:5)
  2 bullfrog skeletons (D:6)
  A gnoll shaman (D:6)
  3 iguanas
  14 orc wizards
  A hound skeleton (D:5)
  3 howler monkey zombies
  2 mummies (Ossuary)
  A howler monkey skeleton (D:5)
  8 adders
  14 gnolls
  A shadow imp (D:7)
  2 white imps
  An adder skeleton (D:4)
  A worm (D:3)
  2 dart slugs
  44 orcs
  5 endoplasms
  4 giant cockroaches
  2 goblins
  7 hobgoblins
  4 jackals
  25 kobolds
  5 quokkas
  6 ball pythons
  4 bats
  5 frilled lizards
  2 goblin zombies (Ossuary)
  8 hobgoblin zombies (Ossuary)
  3 jackal zombies (Ossuary)
  8 kobold zombies (Ossuary)
  9 orc zombies (Ossuary)
  7 rats
  A rat zombie (Ossuary)
  A bush (Lair:6)
  A fulminant prism (D:13)
978 creatures vanquished.

Vanquished Creatures (collateral kills)
  3 naga warriors (Snake:4)
  3 salamander mystics (Snake:4)
  A lindwurm (Snake:4)
  5 salamanders (Snake:4)
  3 nagas (Snake:4)
15 creatures vanquished.

Vanquished Creatures (others)
  A bloated husk (Swamp:1)
  4 foxfires (Swamp:1)
  851 fulminant prisms
  122 fungi
  171 plants
1149 creatures vanquished.

Grand Total: 2142 creatures vanquished

Notes
Turn   | Place    | Note
-------+----------+-------------------------------------------
     0 | D:1      | firemarshallily the Djinni Conjurer began the quest for the
                  | Orb.
     0 | D:1      | Reached XP level 1. HP: 15/15 MP: 0/0
   209 | D:1      | Reached skill level 1 in Fighting
   209 | D:1      | Reached XP level 2. HP: 12/22 MP: 0/0
   906 | D:2      | Found a glowing silver altar of Zin.
   957 | D:2      | Identified the +2 robe of Recklessness {Harm rF+}
  1013 | D:2      | Reached XP level 3. HP: 17/28 MP: 0/0
  1013 | D:2      | Learned a level 1 spell: Beastly Appendage
  1351 | D:2      | Found Qoabobea's Antique Weapon Emporium.
  1557 | D:2      | Reached skill level 2 in Fighting
  1731 | D:2      | Found Seucone's Book Boutique.
  2135 | D:3      | Reached XP level 4. HP: 30/33 MP: 0/0
  2718 | D:3      | Found a hazy altar of Hepliaklqana.
  3170 | D:3      | Identified a scroll of acquirement
  3170 | D:3      | Acquired the ring "Xuti Xuivi" {Fly rElec EV+4 Dex-2 SInv}
  3365 | D:3      | Identified the +6 plate armour of Blue Skies {Str+3 SInv}
  3412 | D:4      | Reached XP level 5. HP: 36/40 MP: 0/0
  3412 | D:4      | Learned a level 2 spell: Scorch
  3414 | D:4      | Reached skill level 3 in Fighting
  3423 | D:4      | Reached XP level 6. HP: 20/46 MP: 0/0
  3576 | D:4      | Reached skill level 4 in Fighting
  3740 | D:4      | Noticed an ogre
  3746 | D:4      | Killed an ogre
  3747 | D:4      | Reached XP level 7. HP: 14/53 MP: 0/0
  3747 | D:4      | Learned a level 3 spell: Portal Projectile
  3778 | D:4      | Reached skill level 5 in Spellcasting
  3887 | D:4      | Noticed Sigmund
  4128 | D:4      | Reached skill level 5 in Fighting
  4145 | D:5      | Entered Level 5 of the Dungeon
  4326 | D:5      | Noticed Edmund
  4824 | D:5      | Reached XP level 8. HP: 50/61 MP: 0/0
  5159 | D:5      | Reached skill level 6 in Fighting
  5584 | D:5      | Killed Edmund
  5883 | D:5      | Reached skill level 7 in Fighting
  5943 | D:5      | Found a blossoming altar of Fedhas.
  5951 | D:5      | Found a broken altar of Ashenzari.
  6083 | D:5      | Reached XP level 9. HP: 33/68 MP: 0/0
  6083 | D:5      | Learned a level 4 spell: Dispel Undead
  6343 | D:4      | Found Putsam's Weapon Shop.
  6592 | D:4      | Killed Sigmund
  6945 | D:6      | Reached skill level 8 in Fighting
  7348 | D:6      | Found a staircase to the Ecumenical Temple.
  7411 | Temple   | Entered the Ecumenical Temple
  7949 | Temple   | Became a worshipper of Gozag Ym Sagoz the Greedy
  8247 | D:6      | Found Sezumate's General Store.
  8253 | D:6      | Bought a potion of magic for 80 gold pieces
  8726 | D:7      | Found a bloodstained altar of Trog.
  8789 | D:7      | Reached skill level 9 in Fighting
  8807 | D:7      | Found a sand-covered staircase.
  8812 | Ossuary  | Entered an ossuary
  9010 | Ossuary  | Reached XP level 10. HP: 68/78 MP: 0/0
 10118 | D:7      | Noticed Maggie
 10125 | D:7      | Killed Maggie
 10365 | D:8      | Reached skill level 10 in Fighting
 10758 | D:8      | Found a shimmering altar of Xom.
 10798 | D:8      | Found a burning altar of Makhleb.
 10856 | D:8      | Found a stormy altar of Qazlal.
 11426 | D:9      | Found a hide-covered altar of Uskayaw.
 11454 | D:9      | Identified the +4 flail of Kaahenla {vorpal, Dex+5 Stlth+}
 11613 | D:9      | Found a large runed translucent door.
 11613 | D:9      | Found a large runed translucent door.
 11655 | D:9      | Noticed a two-headed ogre
 11664 | D:9      | Killed a two-headed ogre
 11665 | D:9      | Reached skill level 11 in Fighting
 11665 | D:9      | Reached XP level 11. HP: 49/87 MP: 0/0
 11665 | D:9      | Learned a level 5 spell: Iskenderun's Battlesphere
 11672 | D:9      | Found a glowing golden altar of the Shining One.
 11677 | D:9      | Found a white marble altar of Elyvilon.
 11878 | D:9      | Found a snail-covered altar of Cheibriados.
 12013 | D:9      | Noticed Erica
 12336 | D:9      | Killed Erica
 13025 | D:9      | Noticed a four-headed hydra
 13025 | D:9      | Noticed a boulder beetle
 13025 | D:9      | Noticed a fire giant
 13030 | D:9      | Found a runed translucent door.
 13033 | D:9      | Noticed an orc high priest
 13033 | D:9      | Noticed a yaktaur captain
 13033 | D:9      | Noticed a boulder beetle
 13033 | D:9      | Noticed a deep troll
 13033 | D:9      | Noticed a five-headed hydra
 13033 | D:9      | Found the +7 Singing Sword {vorpal, sonic wave}
 13235 | D:10     | Entered Level 10 of the Dungeon
 13350 | D:10     | Reached skill level 12 in Fighting
 13354 | D:10     | Reached skill level 10 in Spellcasting
 13357 | D:10     | Reached skill level 1 in Maces & Flails
 13363 | D:10     | Found a staircase to the Orcish Mines.
 13981 | D:10     | Gained mutation: You are clumsy. (Dex -2) [potion of
                  | mutation]
 13981 | D:10     | Gained mutation: You have very sharp teeth. [potion of
                  | mutation]
 13981 | D:10     | Gained mutation: You have hidden genetic potential. [potion
                  | of mutation]
 14638 | D:11     | Noticed a centaur warrior
 14681 | D:11     | Killed a centaur warrior
 15043 | D:11     | Reached XP level 12. HP: 67/96 MP: 0/0
 15168 | D:11     | Found a staircase to the Lair.
 15690 | D:12     | Noticed Josephine
 15693 | D:12     | Noticed an eight-headed hydra
 16050 | D:12     | Killed an eight-headed hydra
 16051 | D:12     | Reached skill level 13 in Fighting
 16059 | D:12     | Killed Josephine
 16773 | D:12     | Gained mutation: You have a pair of small antennae on your
                  | head. [hidden potential]
 17117 | D:12     | Reached skill level 1 in Shields
 17621 | D:13     | Noticed a centaur warrior
 17628 | D:13     | Killed a centaur warrior
 17899 | D:13     | Noticed an ettin
 17923 | D:13     | Killed an ettin
 17925 | D:13     | Noticed a centaur warrior
 17939 | D:13     | Killed a centaur warrior
 17946 | D:13     | Noticed a two-headed ogre
 18320 | D:13     | Killed a two-headed ogre
 18321 | D:13     | Reached XP level 13. HP: 91/104 MP: 0/0
 18321 | D:13     | Learned a level 5 spell: Silence
 18411 | D:13     | Found a gate to the Vaults.
 19627 | Lair:1   | Entered Level 1 of the Lair of Beasts
 19632 | Lair:1   | Noticed an eight-headed hydra
 19648 | Lair:1   | Killed an eight-headed hydra
 19702 | Lair:1   | Reached skill level 5 in Shields
 20252 | Lair:1   | Reached skill level 5 in Maces & Flails
 20259 | Lair:1   | Gained mutation: You have supernaturally acute eyesight.
                  | (SInv) [hidden potential]
 20259 | Lair:1   | Lost mutation: You have hidden genetic potential. [hidden
                  | potential expressed]
 20377 | Lair:1   | Reached skill level 14 in Fighting
 21393 | Lair:2   | Noticed Fannar
 21884 | Orc:1    | Entered Level 1 of the Orcish Mines
 22334 | Orc:2    | Entered Level 2 of the Orcish Mines
 22777 | Orc:2    | Found a staircase to the Elven Halls.
 23569 | Orc:2    | Reached XP level 14. HP: 71/112 MP: 0/0
 24081 | Orc:2    | Found Taejuker's Armour Boutique.
 24085 | Orc:2    | Found Buodduc's Antique Armour Emporium.
 24091 | Orc:2    | Found Tuoch's Armour Emporium.
 24093 | Orc:2    | Found Nunatwab's Weapon Boutique.
 24146 | Orc:2    | Found Qal Miuwn's Book Shoppe.
 24609 | Orc:1    | Reached skill level 15 in Fighting
 24706 | Orc:1    | Found Nouw's Assorted Antiques.
 24720 | Orc:1    | Bought a potion of curing for 87 gold pieces
 24720 | Orc:1    | Bought a scroll of fear for 101 gold pieces
 24720 | Orc:1    | Bought a potion of heal wounds for 145 gold pieces
 25119 | Lair:2   | Killed Fannar
 25453 | Lair:2   | Found a staircase to the Swamp.
 26024 | Lair:2   | Found a bloodstained altar of Trog.
 26485 | Lair:3   | You are sucked into a shaft and drop 1 floor!
 27247 | Lair:3   | Found a staircase to the Snake Pit.
 27955 | Lair:3   | Noticed Nergalle
 27968 | Lair:3   | Killed Nergalle
 28890 | Lair:4   | Reached XP level 15. HP: 87/121 MP: 0/0
 28890 | Lair:4   | Learned a level 6 spell: Simulacrum
 29668 | Lair:4   | Found a runed translucent door.
 30797 | Lair:5   | Found a staircase to the Slime Pits.
 30902 | Lair:5   | Reached skill level 16 in Fighting
 32128 | Lair:6   | Entered Level 6 of the Lair of Beasts
 35512 | D:14     | Found Dyghemont's Distillery.
 35882 | D:14     | Reached XP level 16. HP: 50/129 MP: 0/0
 36849 | D:14     | You are sucked into a shaft and drop 1 floor!
 36849 | D:15     | Entered Level 15 of the Dungeon
 37030 | D:14     | Bought a potion of haste for 180 gold pieces
 37030 | D:14     | Bought a potion of curing for 54 gold pieces
 37030 | D:14     | Bought a potion of lignification for 54 gold pieces
 37030 | D:14     | Bought a potion of haste for 180 gold pieces
 37030 | D:14     | Bought a potion of curing for 54 gold pieces
 37030 | D:14     | Bought a potion of heal wounds for 90 gold pieces
 38512 | D:15     | Noticed Agnes
 38531 | D:15     | Killed Agnes
 39397 | D:15     | Found a staircase to the Depths.
 39703 | Swamp:1  | Entered Level 1 of the Swamp
 39790 | Snake:1  | Entered Level 1 of the Snake Pit
 39805 | Snake:1  | Reached skill level 5 in Dodging
 39819 | Snake:1  | Reached skill level 10 in Maces & Flails
 40195 | Snake:1  | Reached skill level 15 in Spellcasting
 40262 | Snake:1  | Noticed Aizul
 40275 | Snake:1  | Killed Aizul
 40689 | Snake:1  | Found Iwiaziwa's Weapon Shop.
 40773 | Snake:1  | Reached skill level 17 in Fighting
 41417 | Snake:2  | Reached XP level 17. HP: 79/136 MP: 0/0
 41417 | Snake:2  | Learned a level 7 spell: Storm Form
 42088 | Snake:2  | Noticed Vashnia
 43114 | Depths:1 | Entered Level 1 of the Depths
 43457 | Depths:1 | Noticed a tengu reaver
 43930 | Swamp:1  | Reached skill level 1 in Evocations
 44615 | Swamp:1  | Noticed Nikola
 44624 | Swamp:1  | Killed Nikola
 45177 | Swamp:1  | Identified the +6 spear "Mesirhi" {protect, rN+ Str+3}
 46449 | Swamp:2  | Reached skill level 5 in Evocations
 48974 | Swamp:3  | Reached XP level 18. HP: 92/144 MP: 0/0
 49001 | Swamp:3  | Noticed a tentacled monstrosity
 49371 | Swamp:3  | Killed a tentacled monstrosity
 49851 | Swamp:4  | Entered Level 4 of the Swamp
 49951 | Swamp:4  | Paralysed by a fenstrider witch for 3 turns
 51518 | Swamp:4  | Reached skill level 18 in Fighting
 52304 | Swamp:4  | Got a decaying rune of Zot
 52675 | Snake:2  | Noticed Asterion
 53051 | Snake:3  | Identified the +6 mace "Gaib" {vorpal, rF+ rC+}
 54350 | Snake:4  | Entered Level 4 of the Snake Pit
 54560 | Snake:4  | Noticed Donald
 54564 | Snake:4  | Killed Donald
 54907 | Snake:4  | Reached XP level 19. HP: 121/150 MP: 0/0
 54907 | Snake:4  | Learned a level 6 spell: Death Channel
 55198 | Snake:4  | Reached skill level 10 in Evocations
 55969 | Snake:4  | Noticed Mara
 55971 | Snake:4  | Noticed firemarshallily's illusion
 55982 | Snake:4  | Killed Mara
 59711 | Snake:4  | Got a serpentine rune of Zot
 60125 | Snake:2  | Shot with a bolt by Vashnia

Illustrated notes

Levels and vault maps discovered:
D:1:      minmay_arrival_hallway, layout_rooms
D:2:      layout_loops_corners, serial_shops, shop, nicolae_lakefront_shop,
          basic_altar
D:3:      layout_loops_corners, nicolae_overflow_hidden_temple, hex_medium
D:4:      layout_cave_pools, serial_shops, shop_statue, uniq_sigmund
D:5:      wad_river_or_something, layout_loops_ring,
          amethyst_overflow_temple_binary, minmay_joined_circles, uniq_edmund
D:6:      layout_loops_corners, minmay_temple_entry_junction, serial_shops,
          shop_statue, hex_large, minmay_fractal_squares_diagonal_5
D:7:      layout_loops_corners, lemuel_tele_altar, enter_ossuary_1, uniq_maggie
D:8:      layout_cave_pools, mainiacjoe_overflow_catwalk, bloody_makhleb,
          mainiacjoe_overflow_cross_hatched,
          hangedman_abyss_or_decor_lesser_grid, kennysheep_generic_room_7
D:9:      minmay_gate_of_8, layout_loops_corners, jmf_multi_god_temple2,
          marbit_many_paths, nicolae_uskayaw_dance_hall, uniq_erica
D:10:     layout_stronghold, david_orc_3
D:11:     layout_basic, grunt_lair_entry_orc_guard_hut, item_on_display_a
D:12:     layout_rooms, uniq_josephine
D:13:     layout_cave_pods, david_vaults_4
D:14:     layout_rooms, portal_ice_cave_entry_horrid_things, serial_shops,
          kennysheep_mini_moat
D:15:     grunt_enter_depths_hoard, layout_loops_ring,
          minmay_stone_trees_medium, minivault_23, uniq_agnes
Temple:   chequers_temple_sunken
Lair:1:   layout_chaotic_city, wad_woods_river_01, lemuel_fruit_tree,
          infiniplex_staircase_pool_2
Lair:2:   layout_roguey, minmay_swamp_entry_swarm, lemuel_altar_in_water2,
          grunt_megastairs_1, serial_bayou_shore_a, uniq_fannar
Lair:3:   layout_roguey, minmay_snake_entry_guardpost_medium,
          beast_lair_carwin_11, infiniplex_staircase_pool, uniq_nergalle
Lair:4:   beast_lair_carwin_large_4, layout_regular_city, pf_torpor_hydra
Lair:5:   layout_misc_corridors, minmay_slime_entry_pillars
Lair:6:   hangedman_lair_tendril_chambers, layout_regular_city
Swamp:1:  layout_falls_marsh, evilmike_swamp_ruin_rubble_2, uniq_nikola
Swamp:2:  layout_basic_swamp, nicolae_swamp_fairy_circle, swamp_pool5
Swamp:3:  layout_basic_swamp, evilmike_swamp_ruin_house_6
Swamp:4:  swamp_basic_johnstein, layout_basic_swamp
Snake:1:  layout_grid_shapes, serial_shops, shop, uniq_aizul
Snake:2:  nicolae_snake_attic_fulla_snakes, layout_grid_shapes, uniq_vashnia,
          uniq_asterion
Snake:3:  layout_chambers
Snake:4:  snake_pit_salamanders_mu, layout_cave_town, uniq_donald, uniq_mara
Orc:1:    layout_caves, serial_shops, nicolae_diamond_shop,
          nicolae_orc_lava_room
Orc:2:    st_orc_elflike, layout_diamond_mine, serial_shops, shop
Depths:1: layout_basic, enter_ziggurat_f, grunt_hell_horde,
          nicolae_ru_sacrificial_ziggurat, minmay_fire_ice_demons,
          grunt_megastairs_5

Skill      XL: |  1  2  3  4  5  6  7  8  9 10 11 12 13 14 15 16 17 18 19 |
---------------+----------------------------------------------------------+-----
Fighting       | 1 2 3 4 5 7 9 11 12 13 14 15 16 17 18 | 18.8
Spellcasting   | 4 5 6 7 9 10 11 12 13 14 15 16 17 | 17.6
Maces & Flails | 2 4 6 8 9 10 | 10.2
Shields        | 4 5 7 |  7.2
Dodging        | 6 7 |  7.2
Evocations     | 6 9 10 | 10.0
Stealth        | |  1.5

Action                   |  1- 3 |  4- 6 |  7- 9 | 10-12 | 13-15 | 16-18 | 19-21 || total
-------------------------+-------+-------+-------+-------+-------+-------+-------++-------
Melee: Unarmed           |     1 |       |       |       |       |    25 |    22 ||    48
       Dagger            |    14 |     5 |     8 |       |       |       |       ||    27
       Punch             |     1 |       |       |     1 |       |       |       ||     2
       Dire flail        |       |       |    16 |    42 |       |       |       ||    58
       Flail             |       |       |       |    15 |    89 |     8 |    16 ||   128
       Bite              |       |       |       |     2 |    13 |     1 |     5 ||    21
Throw: Dart              |       |       |       |     1 |       |       |       ||     1
 Cast: Magic Dart        |    45 |    49 |    60 |    74 |   239 |   243 |    87 ||   797
       Searing Ray       |     5 |     9 |    24 |     6 |     3 |     4 |       ||    51
       Scorch            |       |     3 |    34 |    31 |    56 |    14 |       ||   138
       Fulminant Prism   |       |       |    22 |   141 |   288 |   319 |    84 ||   854
       Portal Projectile |       |       |     1 |       |     3 |     1 |     1 ||     6
       Iskenderun's Batt |       |       |       |    19 |    71 |   107 |    35 ||   232
       Beastly Appendage |       |       |       |     1 |       |       |       ||     1
       Iskenderun's Myst |       |       |       |       |    17 |   123 |    47 ||   187
       Storm Form        |       |       |       |       |       |    29 |    16 ||    45
       Death Channel     |       |       |       |       |       |       |    11 ||    11
Evoke: Wand              |       |       |       |       |     2 |       |       ||     2
  Use: Scroll            |     3 |     8 |     6 |    10 |    12 |    13 |       ||    52
       Potion            |       |       |     3 |     8 |    10 |     9 |     1 ||    31
 Stab: Sleeping          |       |     1 |     1 |       |     1 |       |       ||     3
       Distracted        |       |       |       |       |     1 |       |     1 ||     2
Armor: Robe              |     6 |     7 |    22 |       |       |       |       ||    35
       Steam dragon scal |       |       |       |    33 |    53 |    17 |    10 ||   113
       Skin              |       |       |       |       |     2 |    29 |    10 ||    41
Dodge: Dodged            |    11 |    20 |    99 |    95 |   187 |   153 |    45 ||   610
Block: Buckler           |       |       |       |     1 |    91 |    29 |       ||   121
       Kite shield       |       |       |       |       |       |       |     8 ||     8
       Reflection        |       |       |       |       |       |       |     1 ||     1
